Cogmind - Beta 16.1 @@@ ROGUE MODE // 2026.03.23 @ 20:34:16 Player: Eggywontgrow Result: Destroyed by as-15191 with Assembled Rifle Performance ------------- Evolutions (0) 0 Regions Visited (2) 400 Robots Destroyed (27) 135 Value Destroyed (569) 569 Prototype IDs (0) 0 Alien Tech Used (0) 0 Bonus (25) 25 TOTAL SCORE: 1129 Bonus ------- Follower Combat Kills 25 Cogmind --------- Core Integrity 0/250 Matter 300/300 Energy 150/150 System Corruption 2% Temperature Cool (3) Movement Treading (240) Ox1 Location -10/Mines Parts ------- > --- POWER (1) -------- Light Angular Momentum Engine > --- PROPULSION (2) --- Light Treads Light Treads > --- UTILITY (2) ------ Large Storage Unit > --- WEAPON (2) ------- Small Laser Small Laser > --- INVENTORY (15) --- Ion Engine Light Ion Engine Light Treads Structural Scanner Visual Processing Unit Sensor Array Signal Interpreter Terrain Scanner Seismic Detector Transport Network Coupler Propulsion Shielding Weapon Shielding Small Laser Grenade Launcher Datajack Peak State ------------ > --- POWER ------------ Light Angular Momentum Engine > --- PROPULSION ------- Light Treads Light Treads > --- UTILITY ---------- Large Storage Unit > --- WEAPON ----------- Small Laser Small Laser > --- INVENTORY -------- Ion Engine Light Ion Engine Light Treads Structural Scanner Visual Processing Unit Sensor Array Signal Interpreter Terrain Scanner Seismic Detector Transport Network Coupler Propulsion Shielding Weapon Shielding Small Laser Grenade Launcher Datajack [Rating: 11] Favorites ----------- Power Ion Engine Engine Ion Engine Propulsion Light Treads Treads Light Treads Leg Aluminum Leg Wheel Compact Wheel Utility Targeting Computer Device Structural Scanner Storage Small Storage Unit Processor Targeting Computer Weapon Small Laser Energy Gun Small Laser Ballistic Gun Light Assault Rifle Launcher Grenade Launcher Build | -11 -10 -10 ------- Run | Yrd Mat Min Slots Evolved . | . . . Power . | . . . Propulsion . | . . . Utility . | . . . Weapon . | . . . Parts Attached 27 | 7 18 2 Power 7 | 1 4 2 Engine 7 | 1 4 2 Core . | . . . Reactor . | . . . Propulsion 7 | 2 5 . Treads 5 | 2 3 . Leg 1 | . 1 . Wheel 1 | . 1 . Hover . | . . . Flight . | . . . Utility 7 | 2 5 . Device 3 | 1 2 . Storage 3 | 1 2 . Processor 1 | . 1 . Hackware . | . . . Protection . | . . . Artifact . | . . . Weapon 6 | 2 4 . Energy Gun 2 | . 2 . Energy Cannon . | . . . Ballistic Gun 3 | 2 1 . Ballistic Cannon . | . . . Launcher 1 | . 1 . Special Weapon . | . . . Impact Weapon . | . . . Slashing Weapon . | . . . Piercing Weapon . | . . . Special Melee Weapon . | . . . Unidentified Prototypes . | . . . Parts Lost 9 | . 7 2 Power 2 | . 1 1 Propulsion 2 | . 2 . Utility 3 | . 2 1 Weapon 2 | . 2 . Highest Loss Streak 2 | . 2 2 To Critical Strikes . | . . . Average Backups 9 | 3 9 14 Power 1 | . . 1 Propulsion 1 | 1 . 1 Utility 5 | . 4 9 Weapon 1 | . 1 2 Tool/Special . | . . . Unused Backups 19 | 2 5 12 Power 2 | . 2 . Propulsion 4 | 2 2 . Utility 10 | . 1 9 Weapon 2 | . . 2 Tool/Special 1 | . . 1 Average Slot Usage (%) 98 | . 98 99 Engine 13 | . 13 14 Treads 22 | . 21 28 Leg 1 | . 2 . Wheel 2 | . 3 . Device 4 | . 5 . Storage 14 | . 14 14 Processor 9 | . 8 13 Energy Gun 20 | . 19 28 Ballistic Gun 6 | . 7 . Peak Build Rating 11 | 7 8 11 Average Rating 7 | 5 7 8 On Entrance 5 | . 7 8 Avg Prop Armor Cover (%) 6 | . 6 . Naked Turns . | . . . Heaviest Build 31 | 13 27 31 Greatest Support 40 | 40 40 40 Greatest Overweight (x) 1 | . 1 1 Average Overweight (x) . | . . . Largest Inventory Capacity 15 | 8 15 15 Average Capacity 11 | 7 10 15 Most Carried 15 | 6 14 15 Average Carried 9 | 3 9 14 Final Capacity 15 | 8 15 15 Final Carried 15 | 4 14 15 Class Distribution -------------------- 66% | Mutant 33% | Scavenger-Mutant Dominant Class ---------------- Mutant | -10/Materials Mutant | -10/Mines Resources | -11 -10 -10 ----------- Run | Yrd Mat Min Matter Collected 699 | 267 402 30 Remotely 14 | 1 13 . Salvage Created 784 | 53 601 130 Parts 53 | 4 48 1 Haulers Intercepted 2 | . 2 . Recyclers Shooed . | . . . Parts Field Recycled . | . . . Retrieved Matter . | . . . Parts Self-Destructed . | . . . Prevented . | . . . Parts Restored . | . . . Kills | -11 -10 -10 ------- Run | Yrd Mat Min Combat Hostiles Destroyed 25 | . 19 6 Guns 17 | . 11 6 AOE 8 | . 8 . Classes Destroyed 8 | 1 6 1 Worker 1 | . 1 . Hauler 2 | . 2 . Recycler 2 | 1 1 . Operator 1 | . 1 . Watcher 1 | . 1 . Swarmer 9 | . 9 . Grunt 11 | . 10 1 Assembled 5 | . . 5 Best Kill Streak 5 | 1 3 5 Combat Bots Only 5 | . 3 5 Max Kills in Single Turn 2 | 1 2 1 Gunslinging . | . . . Exploded 2 | . 2 . Melee . | . . . Uniques/NPCs Destroyed . | . . . Combat | -11 -10 -10 -------- Run | Yrd Mat Min Hostile Shots Fired 130 | . 109 21 Missed 33 | . 30 3 Hits 97 | . 79 18 Melee 9 | . . 9 Projectile 88 | . 79 9 Critical Strikes 1 | . 1 . Part Disruptions 1 | . . 1 Damage Taken 1489 | . 1104 385 Core 255 | . 180 75 Absorbed by Shields . | . . . Core Remaining (%) 100 | 100 . . Volleys Fired 95 | 3 77 15 Largest 2 | 2 2 2 Hottest 80 | 40 80 80 Shots Fired 175 | 6 139 30 Gun 167 | 6 131 30 Cannon . | . . . Launcher 8 | . 8 . Special . | . . . Kinetic 91 | 6 85 . Thermal 76 | . 46 30 Explosive 8 | . 8 . Electromagnetic . | . . . Robot Hit Streak 11 | 4 11 7 Robot Miss Streak 6 | 1 6 2 Penetration Max . | . . . Secondary Targets . | . . . Shots Hit Robots 113 | 4 88 21 Core Hits 61 | 2 47 12 Critical Kills . | . . . Critical Parts Destroyed . | . . . Critical Strikes . | . . . Melee Attacks . | . . . Impact . | . . . Slashing . | . . . Piercing . | . . . Sneak Attacks . | . . . Combat Hostiles . | . . . Follow-up Attacks . | . . . Damage Inflicted 1793 | 29 1517 247 Guns 995 | 29 732 234 Cannons . | . . . Explosions 762 | . 762 . Melee . | . . . Ramming 36 | . 23 13 Kinetic 517 | 29 488 . Thermal 478 | . 244 234 Explosive 762 | . 762 . Electromagnetic . | . . . Impact . | . . . Slashing . | . . . Piercing . | . . . Highest Corruption 2 | . 1 2 Average Corruption 1 | . 1 1 Corruption Purged . | . . . Corruption Blocked . | . . . Effects 4 | . 3 1 Message Errors 2 | . 1 1 Matter Fused 1 | . 1 . Parts Rejected 1 | . 1 . Overload Shots . | . . . Overflow Damage 100 | . 100 . Projectiles . | . . . Explosions 100 | . 100 . Melee . | . . . Knockbacks . | . . . Impact . | . . . Kinetic . | . . . Secondary . | . . . Self-Inflicted Damage 120 | . 120 . Shots 2 | . 2 . Rammed 13 | . 11 2 Targets Rammed 16 | . 14 2 Kicked 1 | . 1 . Crushed 2 | . 2 . Highest Temperature 200 | . 108 200 Average Temperature 41 | . 23 86 Received Heat Transfer 497 | . 450 47 Siege Activations . | . . . Martial Activations . | . . . Shielding Activations . | . . . Robots Disrupted . | . . . Combat Hostiles . | . . . Robots Corrupted . | . . . Combat Hostiles . | . . . Parts Fried . | . . . Impact Corruptions . | . . . Robots Melted . | . . . Combat Hostiles . | . . . Parts Melted 2 | . . 2 Heat Transferred 1075 | . 550 525 Parts Sabotaged . | . . . Parts Stolen . | . . . Parts Stripped . | . . . Power Chain Reactions . | . . . Alert | -11 -10 -10 ------- Run | Yrd Mat Min Maximum Alert Level 1 | . 1 . Low Security (%) 62 | 100 50 100 Level 1 37 | . 49 . Level 2 . | . . . Level 3 . | . . . Level 4 . | . . . Level 5 . | . . . High Security . | . . . Max Security . | . . . Peak Influence 299 | 5 299 46 Initial 43 | . . 43 Average 139 | . 178 13 Influence Increases 725 | 5 664 56 Destroy 0b10 Robot/C 420 | . 380 40 Destroy 0b10 Robot/NC 35 | 5 30 . Destroy Leader 86 | . 76 10 Allied During Kill 6 | . . 6 Successful Hack 20 | . 20 . Disable Machine 45 | . 45 . Destroy Structure 53 | . 53 . Lose Combat Pursuer 60 | . 60 . Influence Decreases 725 | 5 552 168 Entered New Map 69 | . . 69 Time Decay 590 | 5 492 93 Lost Part 60 | . 60 . Lost Ally 6 | . . 6 Squads Dispatched 3 | . 3 . Investigation 2 | . 2 . Extermination . | . . . Reinforcement 1 | . 1 . Assault . | . . . Garrison . | . . . Intercept . | . . . Searches Triggered . | . . . Construction Impeded . | . . . Haulers Reinforced . | . . . Active Scanning Responses . | . . . Cargo Convoy Interrupts . | . . . Stealth | -11 -10 -10 --------- Run | Yrd Mat Min Distress Signals 2 | . 2 . Communications Jammed . | . . . Distress Signals . | . . . Times Spotted 49 | . 36 13 Peak Tracking Total 8 | . 5 8 Tactical Retreats 5 | . 4 1 Traps | -11 -10 -10 ------- Run | Yrd Mat Min Traps Triggered 4 | . 4 . Indirectly . | . . . Trap Hack Attempts . | . . . Triggered . | . . . Disarmed . | . . . Reprogrammed . | . . . Reused . | . . . Traps Extracted . | . . . Installed . | . . . Triggered . | . . . Machines | -11 -10 -10 ---------- Run | Yrd Mat Min Machines Disabled 3 | . 3 . Max in Single Turn 1 | . 1 . Machines Repaired . | . . . Machines Dismantled . | . . . Machines Sabotaged . | . . . Overloaded Fab Kills . | . . . Hacking | -11 -10 -10 --------- Run | Yrd Mat Min Machines Accessed 9 | . 9 . Terminals 7 | . 7 . Fabricators . | . . . Repair Stations 1 | . 1 . Recycling Units 1 | . 1 . Scanalyzers . | . . . Garrison Access . | . . . Total Hacks 23 | . 23 . Successful 8 | . 8 . Failed 15 | . 15 . Catastrophic 4 | . 4 . Database Lockouts . | . . . Manual 15 | . 15 . Terminals 17 | . 17 . Fabricators . | . . . Repair Stations 2 | . 2 . Recycling Units 4 | . 4 . Scanalyzers . | . . . Garrison Access . | . . . Terminal Hacks 6 | . 6 . Record 2 | . 2 . Robot Analysis 3 | . 3 . Terminal Index 1 | . 1 . Fabricator Hacks . | . . . Repair Station Hacks . | . . . Recycling Unit Hacks 1 | . 1 . Report Inventory 1 | . 1 . Scanalyzer . | . . . Garrison Access Hacks . | . . . Unauthorized Hacks 1 | . 1 . Terminals 1 | . 1 . Operators 1 | . 1 . Fabricators . | . . . Repair Stations . | . . . Recycling Units . | . . . Scanalyzers . | . . . Garrison Access . | . . . Data Cores Recovered . | . . . Used . | . . . Hacking Detections 6 | . 6 . Full Trace Events 4 | . 4 . Feedback Events . | . . . Feedback Blocked . | . . . Robot Schematics Acquired . | . . . Robots Built . | . . . Authchips . | . . . Time . | . . . Total Robot Build Rating . | . . . Part Schematics Acquired . | . . . Parts Built . | . . . Authchips . | . . . Time . | . . . Total Part Build Rating . | . . . Part Studies Acquired . | . . . Parts Repaired . | . . . Time . | . . . Parts Recycled . | . . . Recycled Matter . | . . . Retrieved Matter . | . . . Retrieved Components . | . . . Parts Scanalyzed . | . . . Part Schematics Acquired . | . . . Parts Damaged . | . . . Bothacking | -11 -10 -10 ------------ Run | Yrd Mat Min Used RIF Installer . | . . . Robots Hacked . | . . . Non-combat . | . . . Combat . | . . . Robot Hacks Applied . | . . . Relay Couplers Released . | . . . Fabnet Peak Effective % . | . . . Robots Rewired . | . . . Allies Hacked . | . . . Hacks Repelled . | . . . Allies | -11 -10 -10 -------- Run | Yrd Mat Min Total Allies 2 | . . 2 Largest Group 2 | . . 2 Highest-Rated Group 40 | . . 40 Highest-Rated Ally 31 | . . 31 Total Orders . | . . . Ally Attacks 12 | . . 12 Total Damage 168 | . . 168 Kills 3 | . . 3 Allies Corrupted . | . . . Allies Melted . | . . . Intel | -11 -10 -10 ------- Run | Yrd Mat Min Active Infowar (turns) 456 | . 456 . Terrain 210 | . 210 . Structural 246 | . 246 . Robot Analysis Total 3 | . 3 . Derelict Logs Recovered . | . . . Drone Launches . | . . . Drone Recoveries . | . . . Exploration | -11 -10 -10 ------------- Run | Yrd Mat Min Turns Passed 2198 | 166 1692 340 Spaces Moved 1106 | 92 842 172 Core 5 | 5 . . Treads 952 | 87 693 172 Legs 86 | . 86 . Wheels 63 | . 63 . Hover . | . . . Flight . | . . . Fastest Speed 50 | 50 100 160 Average Speed 158 | 154 158 160 Slowest Speed 240 | 160 240 240 Overloaded Moves . | . . . Propulsion Burnouts . | . . . Robots Hopped . | . . . Potential Cave-ins . | . . . Cave-ins Triggered . | . . . Exploration Rate (%) 46 | 4 99 36 Regions Visited 2 Branch Regions 1 Pre-discovered Areas . | . . . Known Exits Taken . | . . . Unknown Exits Taken 2 | 1 1 . Scrap Searched . | . . . Spaces Dug . | . . . Terrain Destroyed 68 | . 68 . Melee . | . . . Projectile . | . . . AOE 68 | . 68 . Terrain Rammed . | . . . Walls Destroyed . | . . . Machines Disabled . | . . . Actions | -11 -10 -10 --------- Run | Yrd Mat Min Total 1380 | 109 1066 205 Wait 78 | . 65 13 Move 1104 | 91 841 172 Hop . | . . . Pick Up 29 | 6 23 . Fast Attach 16 | 7 9 . Attach 7 | . 6 1 Detach . | . . . Swap 16 | . 14 2 Drop 19 | 2 17 . Fire 95 | 3 77 15 Melee . | . . . Ram . | . . . Kick 1 | . 1 . Crush 15 | . 13 2 Escape Stasis . | . . . Rewire . | . . . Trap . | . . . Miscellaneous . | . . . Route ------- -11/Scrapyard -10/Materials (discovered 5 exits: [*Mat x3] / [*Min] / [*Sub]) -10/Mines History --------- Turn | Location | Event 14 | -11/Scrapyard | Discovered new exit (range 15) 167 | -11/Scrapyard | Entered Materials 301 | -10/Materials | Build established: Mutant 644 | -10/Materials | Core integrity fell below 50% 747 | -10/Materials | Discovered new exit (range 7) 1025 | -10/Materials | Discovered new exit (range 9) 1073 | -10/Materials | Discovered new exit (range 7) 1234 | -10/Materials | Build established: Scavenger-Mutant 1342 | -10/Materials | Discovered new exit (range 6) 1447 | -10/Materials | Discovered new exit (range 16) 1562 | -10/Materials | Build established: Mutant 1859 | -10/Materials | Entered Mines 2108 | -10/Mines | Assembled infested the area 2144 | -10/Mines | Core integrity fell below 20% 2199 | -10/Mines | Destroyed by as-15191 with Assembled Rifle Last Messages --------------- 02047_ Acquired 10 matter. 02090_ %9XQQYZFOR2|3YYOYQAACQZ2AU 02108_ ALERT: Infestation in the mines, dispatching Demolisher response squad. 02145_ as-58925 destroyed. 02147_ as-63896 destroyed. 02155_ as-96414 destroyed. 02155_ JA-I2P(g) destroyed. 02158_ as-60334 destroyed. 02166_ Ion Engine destroyed. 02168_ Acquired 10 matter. 02168_ as-64383 destroyed. 02174_ as-14468 destroyed. 02177_ Targeting Computer destroyed. 02177_ System corrupted by crushing effect (+1). 02180_ K-01 Serf collects debris. 02183_ as-32350 destroyed. 02185_ K-01 Serf collects debris. 02189_ Acquired 10 matter. 02191_ K-01 Serf collects debris. Map ----- +----------------------------------------------------+ | ???????????????????????????????????????# #???????? | | ???????????????????????????????????????# #???????? | | ???????????????????????????????????????# #???##### | | ???????????????????????????????????????# #??## # | | ???????????????????????????????????????# #?## | | ?????????????????????????????????????### ### | | ????????????????????????????????????## ## # | | ????????????????????????????????????# # | | ????????????????????????????????????# # | | ????????????????????????????????????## # # | | ?????????????????????????????????????# ## # | | ?????????????????????????????????????# ### %# | | ?????????????????????????????????????## ####?#%!# | | ??????????????????????????????????????####??###==# | | ????????????????????####????????????????????# # | | ????????????????????? ????????????????????# # | | ????????????????????? ????????????????????# ### | | ?????????????????????#d #???????????????????# #?? | | ????????????????????## #???????###?????????# #?? | | ???????????????????## ##?????## ##???????# #?? | | ???????????????????# #?????# #???????# #?? | | ???????????????????# #????## #???????# #?? | | ???????????????????# ##??## ######## #?? | | ????????????????????# #### #?? | | ?????????????????????# ## ######### ##?? | | ??????????????????????# a@ k ##??????# #??? | | ??????????????????????# # ##?????# #??? | | ??????????????????????# ## #?????# #??? | | ??????????????????????#a ## #???### #??? | | ???????????????########a #?# ##### ##?? | | ???????? =$!|$ %%%= #?# ## ### | | ???????????????########%##?# ## | | ??????????????????????#!#??## t | | ??????????????????????# #???# ## ###### | | ??????????????????????# #??## #### ##????## | | ??????????????????????# #### #??######??????## | | ??????????????????????# ##???????????????# | | ??????????????????????####### ##????????????????? | | ????????????????????????????####?????????????????? | | ?????????????????????????????????????????????????? | | ?????????????????????????????????????????????????? | | ?????????????????????????????????????????????????? | | ?????????????????????????????????????????????????? | | ?????????????????????????????????????????????????? | | ?????????????????????????????????????????????????? | | ?????????????????????????????????????????????????? | | ?????????????????????????????????????????????????? | | | | | | | +----------------------------------------------------+ Best States ------------- Heat Dissipation 25 Energy Generation 18 Energy Capacity 250 Matter Stores 300 Matter Capacity 300 Sight Range 16 Terrain Scan Range 14 Terrain Scan Density 10 Evasion (%) 40 Targeting Accuracy 5 Recoil Reduction 2 Item Schematics ----------------- None Robot Schematics ------------------ None Fabricated ------------ Nothing Repaired ---------- Nothing Studied --------- None Alien Tech Used ----------------- None Achievements -------------- None Challenges ------------ None Game ------ Seed AutogunHeartImpeller Manual? 0 Play Time 00:34:01 Cumulative 24.7 hours Start 2026.03.23 @ 19:53:59 End 2026.03.23 @ 20:34:16 Sessions 1 Manual Loads 0 Difficulty Rogue Special Mode None Game No. 30 Rogue 26 Adventurer 4 Explorer 0 Win Type - Total 1 Types 1/0/0/0/0/0/0/0/0/0 Lore% 8 Gallery% 20 Achievement% 14 Wizard Run 0 Options --------- Layout 0 ASCII 0 Keyboard 1 Movement Mouse Keybinds 1 Fullscreen 2 Font 24/Tamsyn Map View 38x25 Zoom Use 97% Tactical HUD 1 Map Filters NONE Filters NONE Steam 1 RUN: 08406dfe-95a6-4eaa-8cb6-cd8ac9819d31